 Dungeon Crawl Stone Soup version 0.31-a0-881-ge136f0c47a (webtiles) character file.

Game seed: 4548895220068840131

239 Psyclone the Conjurer (level 5, -2/28 HPs)
             Began as a Deep Elf Conjurer on Oct 15, 2023.
             Slain by a bullfrog (4 damage)
             ... in a sewer.
             The game lasted 00:05:34 (3532 turns).

Psyclone the Conjurer (Deep Elf Conjurer)           Turns: 3532, Time: 00:05:35

Health: -2/28      AC:  4    Str:  4    XL:     5   Next: 79%
Magic:  11/11      EV: 12    Int: 25    God:
Gold:   205        SH:  0    Dex: 13    Spells: 3/10 levels left

rFire   . . .        j - +2 dagger (protect)
rCold   . . .        (no shield)
rNeg    . . .        a - +0 robe
rPois   .            (no helmet)
rElec   .            (no cloak)
rCorr   .            (no gloves)
SInv    .            (no boots)
Will    .....        (no amulet)
Stlth   ++           (no ring)
HPRegen 0.24/turn    (no ring)
MPRegen 0.12/turn

%: no passive effects
@: no status effects
A: iridescent scales 1, wild magic 1
a: no special abilities


You were in a sewer.
You visited 1 branch of the dungeon, and saw 3 of its levels.
You also visited: Sewer.

You collected 205 gold pieces.

Inventory:

Hand Weapons
 j - a +2 dagger of protection (weapon)
Armour
 a - a +0 robe (worn)
Jewellery
 g - an amulet of reflection
Scrolls
 c - a scroll of amnesia
 d - a scroll of noise {unknown}
 e - 2 scrolls of identify {unknown}
 k - 2 scrolls of teleportation {unknown}
 m - a scroll of poison {unknown}
Potions
 b - a potion of magic
 h - a potion of degeneration {unknown}
 i - a potion of curing {unknown}
 l - a potion of attraction {unknown}
 n - a potion of might {unknown}
 o - 2 potions of enlightenment {unknown}


   Skills:
 - Level 2.6 Dodging
 - Level 2.6 Stealth
 - Level 3.1 Spellcasting
 + Level 7.6 Conjurations


You had 3 spell levels left.
You knew the following spells:

 Your Spells              Type           Power      Damage    Failure   Level
a - Magic Dart            Conj           100%       1d8       1%          1
b - Searing Ray           Conj           100%       2d8       1%          2
d - Fulminant Prism       Conj/Hex       15%        3d10      28%         4

Your spell library contained the following spells:

 Spells                   Type           Power      Damage    Failure   Level
 Dazzling Flash           Conj/Hex       60%        N/A       10%         3
 Necrotise                Necr           20%        1d5       14%         1
 Vampiric Draining        Necr           5%         2d6       38%         3
 Iskenderun's Mystic Bla  Conj/Tloc      30%        2d8       28%         4
 Agony                    Necr           5%         N/A       97%         5


Dungeon Overview and Level Annotations

Branches:
Dungeon (3/15) Zot: 15391   Sewer (1/1) Zot: 5034

Altars:


Innate Abilities, Weirdness & Mutations

You are partially covered in iridescent scales. (AC +2)
Your spells are a little harder to cast, but a little more powerful.


Message History

Magic restored.
MP restored: 11 A frilled lizard and 2 adders come into view.
The adder hisses angrily. x2; You hear a loud, deep croak!
The frilled lizard hisses angrily.
A bullfrog comes into view.
Casting: Magic Dart (safe; 1% risk of failure)
Confirm with . or Enter, or press ? or * to list all spells.
Aiming: Magic Dart (safe; 1% risk of failure)
Press: ? - help, Shift-Dir - straight line, f - adder
Aim: an adder (100% to hit)
The magic dart hits the adder!
The adder is heavily wounded.
A bullfrog comes into view.
You now have 10/11 mp.
The bullfrog attacks as it pursues you! The bullfrog hits you.
The bullfrog closely misses you. The bullfrog hits you.
You see here a frilled lizard corpse.
You take 9 damage, and have 19/28 hp.
MASSIVE DAMAGE!!
The bullfrog attacks as it pursues you! The bullfrog hits you.
The adder bites you. The bullfrog completely misses you. The adder bites you.
The adder misses you.
Things that are here:
an adder corpse; an adder corpse You take 6 damage, and have 13/28 hp.
MASSIVE DAMAGE!!
As you read the scroll labelled ASEOKL FUISUKK, it crumbles to dust.
It is a scroll of amnesia.
Okay, then.
The bullfrog hits you. The adder closely misses you.
The adder bites you but does no damage. The bullfrog hits you!
* * * LOW HITPOINT WARNING * * *
You take 9 damage, and have 4/28 hp.
MASSIVE DAMAGE!!
It was a potion of mutation.
You feel extremely strange.
Iridescent scales grow over part of your body.
You feel less in control of your magic.
The bullfrog croaks.
The adder bites you.
* * * LOW HITPOINT WARNING * * *
The bullfrog hits you.
You die...

#..'....# #..#....#
####†..## +#
##################.†..#
.F.#≈~≈≈≈≈≈≈≈≈≈≈≈≈~#.†...#
...~≈~≈~~≈≈≈≈≈≈~≈~~~....##
...~≈~~~~≈≈≈≈≈≈~~~~.....#
...†~~≈FlF~≈≈~~~≈~≈~....#
....≈≈≈≈#S@.~#≈≈≈≈≈~...##
....~≈≈≈≈S≈~≈~≈≈≈~≈#.###
######################


You could see 2 bullfrogs, 2 adders and a frilled lizard.

Vanquished Creatures
  9 adders
  7 river rats
  2 worms (D:3)
  A dart slug (D:3)
  An orc (D:3)
  5 endoplasms
  3 giant cockroaches
  3 goblins
  5 hobgoblins
  5 jackals
  A kobold (D:2)
  4 quokkas
  17 ball pythons
  5 bats
  5 frilled lizards
  27 rats
100 creatures vanquished.

Notes
Turn   | Place    | Note
-------+----------+-------------------------------------------
     0 | D:1      | Psyclone the Deep Elf Conjurer began the quest for the Orb.
     0 | D:1      | Reached XP level 1. HP: 10/10 MP: 6/6
   225 | D:1      | You fall into a shaft and drop 1 floor!
   269 | D:2      | Reached XP level 2. HP: 15/15 MP: 6/8
   368 | D:2      | Learned a level 2 spell: Searing Ray
   378 | D:2      | Reached skill level 5 in Conjurations
   390 | D:2      | Found a faded altar of an unknown god.
   470 | D:2      | Reached XP level 3. HP: 19/19 MP: 5/9
  1231 | D:1      | Reached XP level 4. HP: 24/24 MP: 8/10
  1654 | D:1      | Reached skill level 6 in Conjurations
  1852 | D:1      | Learned a level 4 spell: Fulminant Prism
  2557 | D:3      | Found a glowing drain.
  2605 | Sewer    | Entered a sewer
  2910 | Sewer    | Reached XP level 5. HP: 23/28 MP: 1/11
  3060 | Sewer    | Reached skill level 7 in Conjurations
  3532 | Sewer    | Gained mutation: You are partially covered in iridescent
                  | scales. (AC +2) [potion of mutation]
  3532 | Sewer    | Gained mutation: Your spells are a little harder to cast,
                  | but a little more powerful. [potion of mutation]
  3532 | Sewer    | Slain by a bullfrog

Illustrated notes

Levels and vault maps discovered:
D:1:      spicycebolla_arrival_transporter_tutorial, layout_basic
D:2:      layout_basic, nicolae_ecumenical_snake_handling,
          nicolae_concentric_dashed_squares_wild
D:3:      layout_rooms, gup_sewer_entry_bowl, grunt_decor_cap
Sewer:    sewer_minmay_w

Skill      XL: |  1  2  3  4  5 |
---------------+----------------+-----
Conjurations   | 5 6 7 |  7.6
Dodging        | |  2.6
Stealth        | |  2.6
Spellcasting   | |  3.1

Action                     |  1- 3 |  4- 6 || total
---------------------------+-------+-------++-------
  Melee: Dagger            |       |    31 ||    31
         Punch             |       |     1 ||     1
   Cast: Magic Dart        |    63 |    80 ||   143
         Searing Ray       |       |    13 ||    13
    Use: Potion            |     1 |     1 ||     2
         Scroll            |       |     1 ||     1
 Armour: Robe              |     2 |    39 ||    41
  Dodge: Dodged            |     2 |    22 ||    24

Table legend: (Time is in decaauts)
 A = Elapsed time spent in this place.
 B = Non-inter-level travel time spent in this place.
 C = Inter-level travel time spent in this place.
 D = Time resting spent in this place.
 E = Time spent auto-exploring this place.
 F = Levels seen in this place.
 G = Mean time per level.
                   A        B        C        D        E       F      G
               +--------+--------+--------+--------+--------+-----+--------+
         Total |   3573 |   3506 |     67 |    782 |   2117 |   4 |  893.2 |
       Dungeon |   2608 |   2541 |     67 |    102 |   2075 |   3 |  869.3 |
         Sewer |    964 |    964 |      0 |    680 |     42 |   1 |  964.0 |
               +--------+--------+--------+--------+--------+-----+--------+

Top non-repeatable levels by time:
     D:1: 1163 daAuts
     D:2: 1139 daAuts
   Sewer: 964 daAuts
     D:3: 305 daAuts
